 Seeded DCSS version 0.30.0-10-gfe55d96785 (webtiles) character file.

Game seed: 7556152836679985915 (custom seed)

17080 Mickster the Spear-Bearer (level 12, 0/106 HPs)
             Began as a Hill Orc Berserker on May 14, 2023.
             Was a Priest of Trog.
             Slain by a culicivora (1 damage)
             ... on level 3 of the Lair of Beasts.
             The game lasted 01:41:38 (10005 turns).

Mickster the Spear-Bearer (Hill Orc Berserker)     Turns: 10005, Time: 01:41:40

Health: 0/106      AC: 16    Str: 29    XL:     12   Next: 44%
Magic:  12/12      EV: 11    Int:  7    God:    Trog [***...]
Gold:   793        SH:  0    Dex: 18    Spells: 11/11 levels left

rFire   . . .        s - +2 trident of Luxury {spect, rCorr}
rCold   . . .        F - orb {*Rage}
rNeg    . . .        h - +0 chain mail
rPois   .            n - +0 helmet
rElec   .            o - +1 cloak
rCorr   +            (no gloves)
SInv    .            (no boots)
Will    ++...        N - amulet of the acrobat Stlth
                     P - +6 ring of dexterity
HPRegen 1.37/turn    v - +6 ring of strength
MPRegen 0.13/turn

%: random rage (20%), acrobat
@: lethally poisoned (0 -> -26), strong-willed (expiring), on berserk cooldown,
regenerating (expiring), slowed, very slow
A: no striking features
a: Renounce Religion, Berserk, Trog's Hand


You were on level 3 of the Lair of Beasts.
You worshipped Trog.
Trog was most pleased with you.
You visited 3 branches of the dungeon, and saw 15 of its levels.

You collected 793 gold pieces.

Inventory:

Hand Weapons
 a - a +1 hand axe
 k - a +1 vampiric trident
 l - a +2 heavy flail
 q - a +0 whip of electrocution
 s - the +2 trident of Luxury (weapon) {spect, rCorr}
   (You found it on level 5 of the Dungeon)

   rCorr:     It protects you from acid and corrosion.
 w - a +1 whip of flaming
 A - a +1 falchion of flaming
 B - a +5 spear
 C - a +2 short sword
 D - a +1 trident of venom
 E - a +0 dagger of chaos
 G - a +2 short sword of venom
 K - a +2 long sword
 L - a +2 great sword of freezing
 M - a +0 scimitar of flaming
 O - a +0 dire flail of protection
 Q - a +1 hand axe of electrocution
 V - a +0 war axe
Missiles
 H - 3 poisoned darts (quivered)
 T - 3 throwing nets
Armour
 h - a +0 chain mail (worn)
 i - a scarf of invisibility
 n - a +0 helmet (worn)
 o - a +1 cloak (worn)
 F - an orb of wrath (worn)
Jewellery
 b - a ring of resist corrosion
 v - a +6 ring of strength (right hand)
 I - a ring of poison resistance
 N - an amulet of the acrobat (around neck)
 P - a +6 ring of dexterity (left hand)
 S - a +6 ring of intelligence
Wands
 c - a wand of iceblast (18)
 g - a wand of charming (22)
 j - a wand of polymorph (15)
 m - a wand of flame (31)
Scrolls
 d - 5 scrolls of teleportation
 f - 8 scrolls of identify
 t - a scroll of amnesia {unknown}
 u - 2 scrolls of vulnerability
 x - 2 scrolls of poison
 y - 2 scrolls of magic mapping
Potions
 e - 2 potions of lignification
 p - 2 potions of heal wounds
 r - 6 potions of berserk rage
 z - 8 potions of curing
 J - 2 potions of cancellation
 R - a potion of might


   Skills:
 + Level 9.7 Fighting
 - Level 7.9(13.5) Axes
 * Level 14.4(15.0) Polearms
 + Level 11.5 Armour
 + Level 4.2 Dodging
 + Level 3.1 Stealth


You had 11 spell levels left.
You didn't know any spells.
Your spell library was empty.

Dungeon Overview and Level Annotations

Branches:
Dungeon (11/15)            Temple (1/1) D:4            Lair (3/5) D:11
 Shoals (0/4) Lair:2       Spider (0/4) Lair:3
    Orc: D:9-12

Altars:
Ashenzari
Cheibriados
Dithmenos
Elyvilon
Fedhas
Gozag
Hepliaklqana
Kikubaaqudgha
Makhleb
Nemelex Xobeh
Okawaru
Qazlal
Sif Muna
Trog
Uskayaw
Vehumet
Xom
Yredelemnul
Zin
The Shining One

Portals:
Sewer: D:3

Annotations:
D:7 2 transporters, SeerSkye's ghost, novice GnIE
Lair:1 2 transporters, Firecrotchwizard's ghost, journeyman GrEE
Lair:2 2 transporters, ProzacElf's ghost, journeyman GnCA


Message History

You puncture the redback!
The redback is heavily wounded.
Your +2 trident of Luxury {spect, rCorr} misses the redback.
The redback bites you but does no damage.
The culicivora closely misses you. The culicivora bites you!
The culicivora draws strength from your injuries!
The redback bites you.
* * * LOW HITPOINT WARNING * * *
The redback misses you.
The redback is healed somewhat.
Your skin crawls.
You feel strong-willed.
Your +2 trident of Luxury {spect, rCorr} disappears.
The redback bites you!
* * * LOW HITPOINT WARNING * * *
The culicivora bites you!
* * * LOW HITPOINT WARNING * * *
The culicivora draws strength from your injuries!
The redback bites you but does no damage.
The culicivora barely misses you.
The redback bites you but does no damage.
The culicivora barely misses you.
The redback bites you but does no damage.
The culicivora bites you.
* * * LOW HITPOINT WARNING * * *
The culicivora draws strength from your injuries!
Unknown command.
You hit the redback but do no damage.
Your +2 trident of Luxury {spect, rCorr} hits the redback!
You feel the effects of Trog's Hand fading.
The redback bites you.
* * * LOW HITPOINT WARNING * * *
You are lethally poisoned!
The redback poisons you! The culicivora bites you!
* * * LOW HITPOINT WARNING * * *
The culicivora draws strength from your injuries!
The redback bites you but does no damage.
The redback is healed somewhat.
The redback bites you but does no damage.
The culicivora bites you.
You die...

PPPP.......####...## .P.PP....###
#....^# ..P...#...# #^#...#.#
.P........##.###.###.#
....P.....### #^#.# ##
...P#.....# ##.###^##
....#.....### #.###^#.#.....# .
...##.....##.###(#.#.##...(.###..
.†.#......# #.#.@s#.# #.....#.#..
††.###..#.## #.sss^# #.....#..#
....P.#.#..####...#####.......###
.............##≈≈≈##.........#..#
.................................
.................................
.................................
...............P##..#............
..#.#...#.##P..##..#####.........


You could see 2 culicivoras, 2 redbacks and a friendly +2 trident of Luxury
{spect, rCorr}.

Vanquished Creatures
  A hydra (Lair:3)
  Harold (Lair:2)
  A two-headed ogre (D:11)
  Erica (D:11)
  Pikel (D:6)
  A cyclops (D:8)
  Psyche (D:9)
  5 cane toads
  2 komodo dragons
  2 rime drakes (Lair:3)
  A troll (D:10)
  Prince Ribbit (D:8)
  A polar bear (Lair:1)
  8 blink frogs
  2 jumping spiders (Lair:3)
  3 wyverns
  2 wraiths
  13 yaks
  2 basilisks
  3 steam dragons
  2 redbacks (Lair:3)
  6 water moccasins
  Duvessa (D:5)
  2 sky beasts (D:6)
  An orc warrior (D:11)
  2 ogres
  2 ice beasts
  2 black bears
  8 wolves (Lair:3)
  2 centaurs
  A phantom (D:4)
  2 kobold brigands
  8 bullfrogs
  A gnoll sergeant (D:10)
  5 scorpions
  6 wights
  Dowan (D:5)
  3 killer bees (D:7)
  6 howler monkeys
  A hound (D:6)
  2 jellies
  3 orc priests
  2 gnoll boudas
  3 sleepcaps
  Ijyb (D:3)
  3 iguanas
  8 orc wizards
  18 gnolls
  6 adders
  2 shadow imps
  2 white imps
  An ufetubus (D:6)
  3 worms
  19 orcs
  5 ball pythons
  6 endoplasms
  4 giant cockroaches
  3 goblins
  10 hobgoblins
  4 jackals (D:1)
  4 quokkas
  4 bats
  2 frilled lizards
  14 kobolds
  5 rats
248 creatures vanquished.

Notes
Turn   | Place    | Note
-------+----------+-------------------------------------------
     0 | D:1      | Mickster the Hill Orc Berserker began the quest for the
                  | Orb.
     0 | D:1      | Reached XP level 1. HP: 19/19 MP: 1/1
   143 | D:1      | Reached XP level 2. HP: 27/27 MP: 2/2
   487 | D:1      | Reached XP level 3. HP: 20/33 MP: 3/3
   813 | D:2      | Reached ** piety under Trog
   842 | D:2      | Reached skill level 5 in Axes
  1074 | D:3      | Reached XP level 4. HP: 35/40 MP: 4/4
  1153 | D:3      | Noticed Ijyb
  1167 | D:3      | Killed Ijyb
  1447 | D:3      | Found a glowing drain.
  1728 | D:4      | Noticed a black bear
  1743 | D:4      | Killed a black bear
  1744 | D:4      | Reached XP level 5. HP: 47/47 MP: 5/5
  1757 | D:4      | Reached XP level 6. HP: 53/53 MP: 6/6
  2056 | D:4      | Found a staircase to the Ecumenical Temple.
  2062 | Temple   | Entered the Ecumenical Temple
  2327 | D:4      | Found a hide-covered altar of Uskayaw.
  2330 | D:4      | Found an opulent altar of Gozag.
  2483 | D:4      | Reached skill level 5 in Fighting
  2524 | D:5      | Entered Level 5 of the Dungeon
  2703 | D:5      | Reached XP level 7. HP: 61/61 MP: 7/7
  3114 | D:5      | Identified the +2 trident of Luxury {spect, rCorr}
  3228 | D:5      | Reached skill level 5 in Armour
  3238 | D:5      | Reached skill level 1 in Polearms
  3252 | D:5      | Noticed Duvessa
  3252 | D:5      | Noticed Dowan
  3260 | D:5      | Killed Dowan
  3261 | D:5      | Reached XP level 8. HP: 36/70 MP: 8/8
  3280 | D:5      | Killed Duvessa
  3281 | D:5      | Reached skill level 2 in Polearms
  3366 | D:6      | HP: 1/70 [steam dragon (8)]
  3370 | D:6      | Reached skill level 3 in Polearms
  3370 | D:6      | Reached skill level 1 in Stealth
  3462 | D:6      | Noticed Pikel
  3475 | D:6      | Killed Pikel
  3476 | D:6      | Reached skill level 5 in Polearms
  3476 | D:6      | Reached XP level 9. HP: 68/78 MP: 9/9
  3587 | D:6      | Reached skill level 6 in Polearms
  3620 | D:6      | Found a glowing golden altar of the Shining One.
  3625 | D:6      | Found an ancient bone altar of Kikubaaqudgha.
  3628 | D:6      | Found a glowing silver altar of Zin.
  3955 | D:6      | Reached skill level 7 in Polearms
  4503 | D:7      | Reached skill level 8 in Polearms
  4627 | D:7      | Noticed SeerSkye's ghost (novice GnIE)
  4629 | D:7      | Found a transporter.
  4631 | D:7      | Identified the +3 dire flail of Springtime {freeze, Str+2}
  4631 | D:7      | Noticed a two-headed ogre
  4650 | D:7      | Found a transporter.
  5085 | D:7      | Reached *** piety under Trog
  5145 | D:7      | Reached XP level 10. HP: 79/86 MP: 10/10
  5373 | D:8      | Reached skill level 9 in Polearms
  5395 | D:8      | Found a stormy altar of Qazlal.
  5396 | D:8      | Noticed Erica
  5509 | D:8      | Noticed a cyclops
  5528 | D:8      | Killed a cyclops
  5595 | D:8      | Found a shimmering blue altar of Sif Muna.
  5743 | D:8      | Noticed Prince Ribbit
  5752 | D:8      | Killed Prince Ribbit
  5862 | D:9      | Noticed Psyche
  5876 | D:9      | Killed Psyche
  5944 | D:9      | Reached skill level 10 in Polearms
  6335 | D:10     | Entered Level 10 of the Dungeon
  6498 | D:10     | Found a radiant altar of Vehumet.
  6985 | D:11     | Killed Erica
  6986 | D:11     | Reached skill level 11 in Polearms
  7092 | D:11     | Reached XP level 11. HP: 94/94 MP: 11/11
  7116 | D:11     | Reached skill level 12 in Polearms
  7140 | D:11     | Noticed a two-headed ogre
  7147 | D:11     | Killed a two-headed ogre
  7148 | D:11     | Reached skill level 10 in Armour
  7238 | D:11     | Found a staircase to the Lair.
  7246 | Lair:1   | Entered Level 1 of the Lair of Beasts
  7540 | Lair:1   | Found a blossoming altar of Fedhas.
  7596 | Lair:1   | Noticed Firecrotchwizard's ghost (journeyman GrEE)
  7598 | Lair:1   | Found a transporter.
  7602 | Lair:1   | Found a transporter.
  8477 | Lair:2   | Reached skill level 13 in Polearms
  8644 | Lair:2   | Found a staircase to the Shoals.
  8650 | Lair:2   | Noticed Harold
  8661 | Lair:2   | Killed Harold
  8675 | Lair:2   | Found a transporter.
  8742 | Lair:2   | Noticed ProzacElf's ghost (journeyman GnCA)
  8743 | Lair:2   | Noticed a spriggan rider
  8745 | Lair:2   | Noticed a moth of wrath
  8746 | Lair:2   | Noticed a moth of wrath
  8757 | Lair:2   | Found a bloodstained altar of Trog.
  8765 | Lair:2   | Found a transporter.
  9267 | Lair:3   | Reached XP level 12. HP: 62/104 MP: 12/12
  9270 | Lair:3   | Found a sparkling altar of Nemelex Xobeh.
  9550 | Lair:3   | Reached skill level 14 in Polearms
  9800 | Lair:3   | Noticed a five-headed hydra
  9808 | Lair:3   | Killed a five-headed hydra
  9945 | Lair:3   | Found a hole to the Spider Nest.
 10005 | Lair:3   | HP: 1/106 [culicivora (9)]
 10005 | Lair:3   | Slain by a culicivora

Illustrated notes

Levels and vault maps discovered:
D:1:      minmay_arrival_widening_spiral_wide, layout_basic
D:2:      layout_loops_ring, minmay_misc_feat_rugged, grunt_ministairs_7,
          uniq_sigmund, uniq_natasha, uniq_crazy_yiuf_cottage
D:3:      layout_basic, cheibrodos_sewer_entry_sluice, mrwooster_statue_mirror,
          uniq_ijyb
D:4:      layout_cave_pools, marbit_many_paths, mainiacjoe_overflow_big_doors,
          minmay_temple_entry_enclosed_plants, serial_bayou_crossing
D:5:      layout_basic, amethyst_killhole, uniq_duvessa
D:6:      layout_gridville, grunt_temple_overflow_open, uniq_pikel
D:7:      layout_loops_cross, gammafunk_ghost_smash
D:8:      layout_loops_cross, lemuel_round_altar, grunt_qazlal_sundering,
          minmay_sticks_and_stones, uniq_erica, uniq_prince_ribbit1
D:9:      layout_rooms, serial_shops, nicolae_shop_pleasant_corner_grove,
          uniq_psyche
D:10:     layout_roguey, fiery_altar_vehumet
D:11:     layout_big_octagon, grunt_lair_entry_orc_guard_hut, david_orc_4,
          hangedman_abyss_or_decor_jellyfish_corner, grunt_decor_arrowhead,
          minmay_misc_feat_secret_circle
Temple:   hellmonk_temple_forest_ring
Lair:1:   minmay_lair_oklob_tunnel, layout_regular_city, gammafunk_ghost_hive,
          basic_altar, grunt_megastairs_2
Lair:2:   layout_roguey, shoals_dummy_entry, gammafunk_ghost_wrathful_warriors,
          uniq_harold
Lair:3:   layout_regular_city, nicolae_spider_entry_tight_spaces, serial_forest,
          infiniplex_forest_clump_large, infiniplex_forest_clump_medium,
          infiniplex_forest_split, infiniplex_forest_end_2, basic_altar,
          serial_bayou_shore_b, serial_bayou_shore_b, grunt_megastairs_1

Skill      XL: |  1  2  3  4  5  6  7  8  9 10 11 12 |
---------------+-------------------------------------+-----
Fighting       | 4 5 6 7 8 9 |  9.7
Axes           | 5 6 7 |  7.9
Dodging        | 2 3 4 |  4.2
Armour         | 3 4 5 6 8 9 10 11 | 11.5
Polearms       | 1 5 8 11 13 14 | 14.4
Stealth        | 1 2 3 |  3.1

Action                     |  1- 3 |  4- 6 |  7- 9 | 10-12 || total
---------------------------+-------+-------+-------+-------++-------
  Melee: Hand axe          |    93 |   120 |    44 |       ||   257
         Punch             |       |     5 |     2 |     2 ||     9
         Trident           |       |       |   164 |   460 ||   624
 Invoke: Berserk           |     2 |     4 |     9 |    12 ||    27
         Trog's Hand       |       |     1 |     6 |     8 ||    15
    Use: Potion            |     2 |     2 |     3 |     3 ||    10
         Scroll            |     1 |     5 |     2 |    10 ||    18
   Stab: Sleeping          |     1 |       |       |       ||     1
         Distracted        |       |       |     2 |     6 ||     8
 Armour: Animal skin       |    11 |       |       |       ||    11
         Chain mail        |    13 |    58 |   126 |   141 ||   338
  Dodge: Dodged            |    55 |    53 |   112 |   231 ||   451
